 Dungeon Crawl Stone Soup version 0.25-a0-474-ga8a2ee3166 (webtiles) character file.

Game seed: 9253043654704506038, levelgen mode: deterministic

92 Emblim88 the Ruffian (level 4, -2/45 HPs)
             Began as a Troll Monk on Feb 7, 2020.
             Was an Elder of Uskayaw.
             Slain by a river rat (6 damage)
             ... on level 3 of the Dungeon.
             The game lasted 00:03:12 (1673 turns).

Emblim88 the Ruffian (Troll Monk)                   Turns: 1673, Time: 00:03:12

Health: -2/45      AC:  6    Str: 20    XL:     4   Next: 35%
Magic:  3/4        EV: 10    Int:  6    God:    Uskayaw [****..]
Gold:   73         SH:  0    Dex: 12    Spells: 3/3 levels left

rFire    . . .     SeeInvis .     - Unarmed
rCold    . . .     Gourm    +   (no shield)
rNeg     . . .     Faith    .   a - +0 robe
rPois    .         Spirit   .   (helmet restricted)
rElec    .         Reflect  .   (no cloak)
rCorr    .         Harm     .   (gloves unavailable)
MR       .....                  (boots unavailable)
Stlth    ++........             (no amulet)
HPRegen  0.55/turn              (no ring)
MPRegen  0.09/turn              (no ring)

@: lethally poisoned (-2 -> -2)
A: large, unfitting armour, claws 3, fast metabolism 3, gourmand, regeneration
1, shaggy fur 1, tough skin 3
a: Stomp, Line Pass, Renounce Religion


You were on level 3 of the Dungeon.
You worshipped Uskayaw.
Uskayaw was noncommittal.
You were not hungry.

You visited 1 branch of the dungeon, and saw 3 of its levels.

You collected 73 gold pieces.

Inventory:

Missiles
 i - 15 stones (quivered)
Armour
 a - a +0 robe (worn)
Wands
 h - a wand of iceblast (7)
Scrolls
 c - a scroll of enchant weapon {unknown}
 e - a scroll of random uselessness {unknown}
 f - a scroll of teleportation {unknown}
 k - a scroll of magic mapping {unknown}
Potions
 d - 2 potions of haste {unknown}
 g - a potion of heal wounds {unknown}
 j - a potion of invisibility {unknown}
Comestibles
 b - 4 rations


   Skills:
 + Level 3.0 Fighting
 - Level 2.4 Dodging
 - Level 1.0 Stealth
 * Level 4.3 Unarmed Combat
 * Level 1.4 Invocations


You had 3 spell levels left.
You didn't know any spells.
Your spell library was empty.

Dungeon Overview and Level Annotations

Branches:
Dungeon (3/15)

Altars:
Hepliaklqana
Uskayaw


Innate Abilities, Weirdness & Mutations

You are too large for most types of armour.
You have claws for hands.
Your metabolism is lightning-fast.
You like to eat raw meat.
Your natural rate of healing is unusually fast.
You are covered in fur. (AC +1)
You have extremely tough skin. (AC +3)


Message History

Uskayaw links your audience in an emotional bond!
You scratch the river rat.
You kill the rat!
You kill the river rat!
You claw the giant cockroach!
You kill the giant cockroach!
You barely miss the river rat.
The river rat is severely wounded.
The river rat is no longer sharing its pain.
The river rat bites you.
* * * LOW HITPOINT WARNING * * *
You scratch the river rat but do no damage.
The river rat is severely wounded.
You closely miss the river rat. Your claw misses the river rat.
The river rat is severely wounded.
You feel sick.
The river rat bites you but does no damage.
You barely miss the river rat.
The river rat is severely wounded.
The river rat bites you.
You die...

.....#.# ....#..# ..# #
.......#### ..# .#
###.......# ..###.###
##...##.# #........
#.....#.# .......≈≈
####...##.# #.......≈
>.....###.########...≈≈≈≈≈
###..#..........@r....≈#
#....##.########.[≈≈≈#
##......# ##.≈.≈+ ########
..≈≈# #####


You could see a river rat.

Vanquished Creatures
  2 river rats (D:3)
  3 adders
  An ooze (D:1)
  3 bats
  3 giant cockroaches
  6 goblins
  A hobgoblin (D:3)
  7 jackals
  5 kobolds
  2 frilled lizards
  12 rats
45 creatures vanquished.

Notes
Turn   | Place    | Note
-------+----------+-------------------------------------------
     0 | D:1      | Emblim88 the Troll Monk began the quest for the Orb.
     0 | D:1      | Reached XP level 1. HP: 22/22 MP: 0/0
   211 | D:1      | Reached XP level 2. HP: 26/29 MP: 1/1
   895 | D:2      | Found a hide-covered altar of Uskayaw.
  1091 | D:2      | Became a worshipper of Uskayaw the Reveler
  1091 | D:2      | Reached * piety under Uskayaw
  1157 | D:2      | Found a hazy altar of Hepliaklqana.
  1277 | D:2      | Reached XP level 3. HP: 36/36 MP: 2/2
  1280 | D:2      | Reached ** piety under Uskayaw
  1337 | D:2      | Reached skill level 4 in Unarmed Combat
  1627 | D:3      | Reached skill level 1 in Invocations
  1659 | D:3      | Reached XP level 4. HP: 17/44 MP: 3/3
  1660 | D:3      | Reached *** piety under Uskayaw
  1667 | D:3      | Reached **** piety under Uskayaw
  1673 | D:3      | Slain by a river rat

Levels and vault maps discovered:
D:1:      ebering_hopf_link, layout_basic
D:2:      layout_basic, lemuel_doored_altar, lemuel_crystal_altar
D:3:      minmay_angry_zag, layout_loops_corners,
          nemelex_xobeh_ov_fountains_minmay, portal_sewer_entry_e,
          hangedman_abyss_or_decor_lesser_grid, minmay_ruptured, uniq_jessica,
          uniq_crazy_yiuf_cottage

Skill      XL: |  1  2  3  4 |
---------------+-------------+-----
Unarmed Combat | 4 |  4.3
Invocations    | 1 |  1.4
Fighting       | 3 |  3.0
Dodging        | |  2.4
Stealth        | |  1.0

Action                   |  1- 3 |  4- 6 || total
-------------------------+-------+-------++-------
Melee: Unarmed           |   113 |    14 ||   127
       Punch             |     1 |       ||     1
 Stab: Sleeping          |     2 |       ||     2
       Paralysed         |       |     1 ||     1
  Eat: Chunk             |    16 |       ||    16
Armor: Robe              |    39 |     3 ||    42
Dodge: Dodged            |    71 |     3 ||    74

Table legend:
 A = Non-vault XP
 B = Vault XP
 C = Vault XP percentage of total XP
 D = Non-vault monster count
 E = Vault monster count
 F = Vault count percentage of total count
                 A         B        C        D         E       F
            +---------+---------+-------+---------+---------+-------
      Total |      89 |      43 |  32.6 |      40 |       5 |  11.1
            +---------+---------+-------+---------+---------+-------
        D:1 |      26 |       0 |   0.0 |      13 |       0 |   0.0
        D:2 |      43 |       0 |   0.0 |      21 |       0 |   0.0
        D:3 |      20 |      43 |  68.3 |       6 |       5 |  45.5
            +---------+---------+-------+---------+---------+-------
